 Dungeon Crawl Stone Soup version 0.32-a0-893-gf85d74f360 (webtiles) character file.

Game seed: 12089941606802375882

282 Doorstop00 the Chopper (level 6, -1/55 HPs)
             Began as a Minotaur Berserker on Apr 3, 2024.
             Was a Believer of Trog.
             Incinerated by a bombardier beetle (4 damage)
             ... with a burning spray
             ... on level 4 of the Dungeon.
             The game lasted 00:10:37 (2889 turns).

Doorstop00 the Chopper (Minotaur Berserker)         Turns: 2889, Time: 00:10:38

Health: -1/55      AC:  8    Str: 22    XL:     6   Next: 6%
Magic:  5/5        EV:  9    Int:  6    God:    Trog [**....]
Gold:   252        SH:  0    Dex:  9    Spells: 5/5 levels left

rFire   . . .        a - +0 hand axe
rCold   . . .        (no shield)
rNeg    . . .        k - +0 scale mail
rPois   .            (helmet restricted)
rElec   .            i - +0 cloak
rCorr   .            (no gloves)
SInv    .            (no boots)
Will    .....        b - amulet of regeneration Stlth
                     (no ring)
HPRegen 1.09/turn    (no ring)
MPRegen 0.09/turn

%: no passive effects
@: on fire, glowing
A: horns 2, retaliatory headbutt
a: Renounce Religion, Berserk, Trog's Hand


You were on level 4 of the Dungeon.
You worshipped Trog.
Trog was pleased with you.
You visited 1 branch of the dungeon, and saw 4 of its levels.

You collected 274 gold pieces.
You spent 22 gold pieces at shops.

Inventory:

Hand Weapons
 a - a +0 hand axe (weapon)
Armour
 i - a +0 cloak (worn)
 k - a +0 scale mail (worn)
Jewellery
 b - an amulet of regeneration (around neck)
Scrolls
 c - 2 scrolls of enchant weapon
 e - a scroll of enchant armour {unknown}
 f - a scroll of torment {unknown}
 p - a scroll of noise {unknown}
 q - a scroll of fear {unknown}
Potions
 d - a potion of mutation {unknown}
 g - a potion of cancellation
 j - a potion of heal wounds
 l - a potion of invisibility {unknown}
 m - a potion of degeneration {unknown}
 n - a potion of attraction {unknown}
 o - a potion of brilliance {unknown}


   Skills:
 * Level 4.8 Fighting
 * Level 6.2 Axes
 * Level 3.6 Armour
 * Level 3.1 Dodging
 + Level 1.1 Stealth


You had 5 spell levels left.
You didn't know any spells.
Your spell library was empty.

Dungeon Overview and Level Annotations

Branches:
Dungeon (4/15)
 Temple: D:4-7

Altars:
Okawaru

Shops:
D:1 ?((?


Innate Abilities, Weirdness & Mutations

You have a pair of horns on your head.
You reflexively headbutt those who attack you in melee.


Message History

You are no longer poisoned.
You hit the bombardier beetle.
Your headbutt misses the bombardier beetle.
The bombardier beetle is heavily wounded.
The liquid fire burns you!
The bombardier beetle bites you but does no damage.
You hit the bombardier beetle but do no damage.
Your headbutt misses the bombardier beetle.
The bombardier beetle is heavily wounded.
The liquid fire burns you!
The bombardier beetle closely misses you.
You furiously retaliate!
You headbutt the bombardier beetle. You slash the bombardier beetle!
You kill the bombardier beetle!
Trog accepts your kill. The liquid fire burns you!
* * * LOW HITPOINT WARNING * * *
Your Axes skill increases to level 6!
You have reached level 6!
You slash the iguana!
The iguana is severely wounded.
The liquid fire burns you!
* * * LOW HITPOINT WARNING * * *
The iguana bites you but does no damage.
You barely miss the iguana.
The iguana is severely wounded.
The liquid fire burns you!
* * * LOW HITPOINT WARNING * * *
The iguana closely misses you. You furiously retaliate!
You headbutt the iguana, but do no damage.
You hit the iguana.
The iguana is almost dead.
The liquid fire burns you!
* * * LOW HITPOINT WARNING * * *
The iguana bites you.
* * * LOW HITPOINT WARNING * * *
You hit the iguana. Your headbutt misses the iguana.
The iguana is almost dead.
The liquid fire burns you!
You die...

#<# #.#........
#.######.#########
####.#...............
####......#########.#.##
..........# #.#.##
#######.#.## #.#...
#.#..# #.#### #.##.####
#.#..# #@##....## #....#
#l#####..######.## #%###
##....# #.## #...##
####.###.## #..[.#
####...#.##
#..#B###........##
#....l##.#####..##
#...###.............
...#.# #†#.######.###


You could see an iguana.

Vanquished Creatures
  A black bear (D:4)
  2 bombardier beetles
  5 adders
  A dart slug (D:1)
  A ribbon worm (D:3)
  3 ball pythons
  13 endoplasms
  3 giant cockroaches
  10 goblins
  5 hobgoblins
  2 jackals (D:3)
  4 quokkas (D:2)
  3 bats (D:1)
  5 kobolds
  8 rats
66 creatures vanquished.

Notes
Turn   | Place    | Note
-------+----------+-------------------------------------------
     0 | D:1      | Doorstop00 the Minotaur Berserker began the quest for the
                  | Orb.
     0 | D:1      | Reached XP level 1. HP: 19/19 MP: 0/0
    96 | D:1      | Found Duphia's Magic Scroll Emporium.
   105 | D:1      | Bought a scroll of identify for 22 gold pieces
   132 | D:1      | Reached XP level 2. HP: 27/27 MP: 1/1
   141 | D:1      | Reached skill level 4 in Axes
   300 | D:1      | Found Lamopoug's Antique Weapon Emporium.
   497 | D:1      | Found a faded altar of an unknown god.
   514 | D:1      | Found Vegoo's Magic Scroll Boutique.
   890 | D:1      | Found Ozys's Weapon Shop.
   943 | D:1      | Reached XP level 3. HP: 33/33 MP: 2/2
  1424 | D:2      | Reached ** piety under Trog
  1655 | D:2      | Reached XP level 4. HP: 41/41 MP: 3/3
  1770 | D:2      | You fall into a shaft and drop 1 floor!
  1770 | D:3      | Found an iron altar of Okawaru.
  2211 | D:3      | Reached skill level 5 in Axes
  2453 | D:3      | Reached XP level 5. HP: 16/47 MP: 4/4
  2850 | D:4      | Noticed a black bear
  2874 | D:4      | Killed a black bear
  2875 | D:4      | Reached skill level 1 in Stealth
  2886 | D:4      | Reached skill level 6 in Axes
  2886 | D:4      | Reached XP level 6. HP: 17/55 MP: 5/5
  2889 | D:4      | Incinerated by a bombardier beetle

Illustrated notes

Levels and vault maps discovered:
D:1:      nagdon_arrival_zigzag_paths, layout_basic,
          ebering_ecumenical_altar_rust, serial_shops, shop, shop, shop,
          nicolae_shop_bloodbath_and_beyond
D:2:      layout_basic
D:3:      layout_basic, nicolae_overflow_crystal_walls, st_stairs_12,
          minmay_misc_feat_pillars
D:4:      layout_basic, minmay_fractal_squares_5

Skill      XL: |  1  2  3  4  5 |
---------------+----------------+-----
Axes           | 4 5 6 |  6.2
Fighting       | 4 |  4.8
Armour         | 3 |  3.6
Dodging        | 3 |  3.1
Stealth        | 1 |  1.1

Action                     |  1- 3 |  4- 6 || total
---------------------------+-------+-------++-------
  Melee: Hand axe          |    93 |    79 ||   172
         Headbutt          |    11 |    12 ||    23
    Use: Scroll            |     2 |     2 ||     4
         Potion            |       |     1 ||     1
   Stab: Sleeping          |     1 |       ||     1
 Armour: Animal skin       |    35 |       ||    35
         Scale mail        |     2 |    58 ||    60
  Dodge: Dodged            |    48 |    43 ||    91

Table legend: (Time is in decaauts)
 A = Elapsed time spent in this place.
 B = Non-inter-level travel time spent in this place.
 C = Inter-level travel time spent in this place.
 D = Time resting spent in this place.
 E = Time spent auto-exploring this place.
 F = Levels seen in this place.
 G = Mean time per level.
                   A        B        C        D        E       F      G
               +--------+--------+--------+--------+--------+-----+--------+
         Total |   2901 |   2766 |    135 |     52 |   2161 |   4 |  725.2 |
       Dungeon |   2901 |   2766 |    135 |     52 |   2161 |   4 |  725.2 |
               +--------+--------+--------+--------+--------+-----+--------+

Top non-repeatable levels by time:
     D:1: 1175 daAuts
     D:2: 823 daAuts
     D:3: 580 daAuts
     D:4: 321 daAuts
